 Dungeon Crawl Stone Soup version 0.24-a0-537-g2d01d4ab0a (webtiles) character file.

Game seed: 13681681276440850793

67 bildradio the Conjurer (level 3, -1/27 HPs)
             Began as a Draconian Conjurer on Aug 14, 2019.
             Slain by Terence
             ... wielding a +0 mace
              (2 damage)
             ... on level 2 of the Dungeon.
             The game lasted 00:36:53 (1898 turns).

bildradio the Conjurer (Draconian Conjurer)         Turns: 1898, Time: 00:36:54

Health: -1/27      AC:  5    Str:  8 (11) XL:     3   Next: 98%
Magic:  4/6        EV:  9    Int: 19 (20) God:
Gold:   58         SH:  6    Dex:  9 (11) Spells: 3/6 levels left

rFire    . . .     SeeInvis .   h - +0 spear
rCold    . . .     Gourm    .   l - +0 shield
rNeg     . . .     Faith    .   (armour unavailable)
rPois    .         Spirit   .   (helmet restricted)
rElec    .         Reflect  .   (no cloak)
rCorr    .         Harm     .   (no gloves)
MR       .....                  (no boots)
Stlth    ++........             (no amulet)
HPRegen  0.09/turn              b - ring of wizardry
MPRegen  0.10/turn              (no ring)

@: brilliant
A: unfitting armour, cold-blooded, AC +5
a: no special abilities


You were on level 2 of the Dungeon.
You were very hungry.

You visited 1 branch of the dungeon, and saw 2 of its levels.

You collected 58 gold pieces.

Inventory:

Hand Weapons
 e - a +0 short sword
 h - a +0 spear (weapon)
Missiles
 d - 2 boomerangs (quivered)
 f - 14 poisoned darts
Armour
 a - a cursed +0 ring mail
 g - a +0 leather armour
 j - a cursed +0 robe
 l - a +0 shield (worn)
Jewellery
 b - a ring of wizardry (left hand)
Scrolls
 i - a scroll of amnesia


   Skills:
 + Level 0.5 Fighting
 + Level 0.2 Short Blades
 + Level 2.0 Dodging
 + Level 2.4 Stealth
 + Level 0.2 Shields
 + Level 0.1 Unarmed Combat
 + Level 2.3 Spellcasting
 + Level 4.7 Conjurations


You had 3 spell levels left.
You knew the following spells:

 Your Spells              Type           Power        Failure   Level  Hunger
a - Magic Dart            Conj           ####         1%          1    #......
b - Searing Ray           Conj           ####..       3%          2    ##.....

Your spell library contained the following spells:

 Spells                   Type           Power        Failure   Level  Hunger
 Dazzling Spray           Conj/Hex       ###...       13%         3    ###....
 Iskenderun's Mystic Bla  Conj           ####....     17%         4    #####..
 Force Lance              Conj/Tloc      ###.....     36%         4    #####..
 Fulminant Prism          Conj/Hex       ###.......   36%         4    #####..


Dungeon Overview and Level Annotations

Branches:
Dungeon (2/15)

Altars:

Annotations:
D:2 Terence


Innate Abilities, Weirdness & Mutations

Your plain brown scales are hard. (AC +5)
You cannot fit into any form of body armour.
You are cold-blooded and may be slowed by cold attacks.


Message History

It was a potion of brilliance.
You feel clever all of a sudden. Terence hits you with a +0 mace.
You closely miss Terence.
Terence is lightly wounded.
Terence hits you with a +0 mace!
* * * LOW HITPOINT WARNING * * *
You hit Terence.
Terence is moderately wounded.
You block Terence's attack.
You barely miss Terence.
Terence is moderately wounded.
You block Terence's attack.
You hit Terence but do no damage.
Terence is moderately wounded.
Terence closely misses you.
You hit Terence.
Terence is heavily wounded.
Terence hits you with a +0 mace.
You die...

...#,,,,,,........,,,,,,,*
.#.#.,,,,,.....#.#********
.....,,,,.###....# #####
#....,,,,........######...#
#####******#..........#...#
...# *,,,* #####.###......#
**** ..## *****
#.....###.#....# *,,,
.†.#### #....@#.#......#
*,,,
....#.######....@###.##...#
*,,,
.................###.##...#
**+*
###.########.........##...#
*,* #......##
#........###...# **,
........####..............#
*,
#..........†......#.......#
**
#################..#####..#
**, ##.##.##..# **,,
#.##.##.## *,,,


You could see Terence.

Vanquished Creatures
  A gnoll (D:1)
  An ooze (D:2)
  3 worms (D:2)
  2 dart slugs (D:1)
  A leopard gecko (D:2)
  6 bats
  A giant cockroach (D:1)
  8 hobgoblins
  3 jackals
  3 frilled lizards
  A goblin (D:2)
  4 kobolds
  7 rats
41 creatures vanquished.

Notes
Turn   | Place    | Note
-------+----------+-------------------------------------------
     0 | D:1      | bildradio the Draconian Conjurer began the quest for the
                  | Orb.
     0 | D:1      | Reached XP level 1. HP: 14/14 MP: 3/3
     7 | D:1      | Noticed a spriggan
     7 | D:1      | Noticed a demigod
     9 | D:1      | Noticed a halfling
     9 | D:1      | Noticed a felid
    13 | D:1      | Noticed a tengu
    13 | D:1      | Noticed a vine stalker
    15 | D:1      | Noticed an octopode
    17 | D:1      | Noticed a centaur
    17 | D:1      | Noticed a minotaur
    19 | D:1      | Noticed a draconian
    19 | D:1      | Noticed an ogre
    21 | D:1      | Noticed a formicid
    21 | D:1      | Noticed a demonspawn
    23 | D:1      | Noticed a dwarf
    23 | D:1      | Noticed a ghoul
    25 | D:1      | Noticed a troll
    27 | D:1      | Noticed an elf
    27 | D:1      | Noticed a human
    29 | D:1      | Noticed a naga
    29 | D:1      | Noticed a vampire
    31 | D:1      | Noticed a merfolk
    31 | D:1      | Noticed a gargoyle
   186 | D:1      | Reached XP level 2. HP: 13/20 MP: 0/5
   726 | D:1      | Reached XP level 3. HP: 22/26 MP: 0/6
  1409 | D:2      | Noticed Terence
  1833 | D:2      | Learned a level 2 spell: Searing Ray
  1893 | D:2      | HP: 1/27 [Terence/+0 mace (10)]
  1898 | D:2      | Slain by Terence

Levels and vault maps discovered:
D:1:      kb_arrival_jail, layout_basic
D:2:      layout_rooms, serial_aquarium, aquarium_bridge_square
          [aquarium_subvault_wall, aquarium_subvault_bridge,
          aquarium_subvault_window, aquarium_subvault_wall],
          aquarium_window_corner, aquarium_window_1, aquarium_window_3,
          aquarium_window_1, aquarium_view_2b, aquarium_view_2a,
          aquarium_balcony_3b, aquarium_pool_side, first_ration, minmay_3d_cube,
          uniq_crazy_yiuf_cottage, uniq_terence, uniq_robin

Skill      XL: |  1  2 |
---------------+-------+-----
Stealth        | 2 |  2.4
Dodging        | 2 |  2.0
Fighting       | |  0.5
Short Blades   | |  0.2
Shields        | |  0.2
Unarmed Combat | |  0.1
Spellcasting   | |  2.3
Conjurations   | |  4.7

Action                   || total
-------------------------++-------
Melee: Unarmed           ||    26
       Club              ||     7
       Tailslap          ||    12
       Short sword       ||    60
       Spear             ||    38
 Cast: Magic Dart        ||    61
       Searing Ray       ||     1
  Use: Scroll            ||     6
       Potion            ||     6
 Stab: Sleeping          ||     3
  Eat: Ration            ||     1
Armor: Skin              ||    67
Dodge: Dodged            ||    83
Block: Shield            ||    27

Table legend:
 A = Non-vault XP
 B = Vault XP
 C = Vault XP percentage of total XP
 D = Non-vault monster count
 E = Vault monster count
 F = Vault count percentage of total count
                 A         B        C        D         E       F
            +---------+---------+-------+---------+---------+-------
      Total |      94 |       2 |   2.1 |      39 |       2 |   4.9
            +---------+---------+-------+---------+---------+-------
        D:1 |      54 |       0 |   0.0 |      23 |       0 |   0.0
        D:2 |      40 |       2 |   4.8 |      16 |       2 |  11.1
            +---------+---------+-------+---------+---------+-------
